PR
WINTER HAVEN SUN SOX @ SURPRISE SHOCKERS
07/28/2034
 
TOP OF THE 1ST
Winter Haven Sun Sox batting - Pitching for Surprise Shockers : LHP Walt Hart
Pitching: LHP Walt Hart
Batting: SHB Vincent Griffin 0-0: Called Strike
0-1: Swinging Strike
0-2: Strikes out swinging
Batting: RHB Roberto Ramos 0-0: Foul Ball, location: 2F
0-1: Called Strike
0-2: Ball
1-2: Strikes out looking
Batting: RHB Paul Bader 0-0: Ball
1-0: Ball
2-0: Foul Ball, location: 2F
2-1: Ball
3-1: Foul Ball, location: 2F
3-2: Base on Balls
Batting: RHB Yu-bao Wie 0-0: Ball
1-0: DOUBLE (Line Drive, 7D)
Paul Bader to third
Batting: RHB Tom Camden 0-0: Ball
1-0: Foul Ball, location: 2F
1-1: Foul Ball, location: 2F
1-2: Foul Ball, location: 2F
1-2: Ball
2-2: Foul Ball, location: 2F
2-2: Strikes out swinging
Top of the 1st over - 0 runs, 1 hit, 0 errors, 2 left on base; Winter Haven 0 - Surprise 0
BOTTOM OF THE 1ST
Surprise Shockers batting - Pitching for Winter Haven Sun Sox : RHP Ismael Pérez
Pitching: RHP Ismael Pérez
Batting: LHB Kyle Mullens 0-0: Reached on error, E4 (Groundball, 4)
Batting: RHB Quinn Lynch 0-0: Called Strike
0-1: Foul Ball, location: 2F
0-2: Ball
1-2: Ball
2-2: SINGLE (Groundball, 34) (infield hit)
Kyle Mullens to second
Batting: LHB Lao Tian 0-0: Called Strike
0-1: Swinging Strike
0-2: Ball
1-2: Ball
2-2: DOUBLE (Flyball, 8LXD)
Kyle Mullens scores
Quinn Lynch to third
Batting: LHB Arto Toikka 0-0: Ball
1-0: Called Strike
1-1: Fly out, F9 (Line Drive, 9D)
Runner from 3rd tags up, OUT at HOME
Lao Tian to third
Batting: LHB José Jiménez 0-0: Ball
1-0: Swinging Strike
1-1: SINGLE (Groundball, 4MD)
Lao Tian scores
Batting: RHB Eric Martínez 0-0: Ball
1-0: Ball
2-0: Ball
3-0: Base on Balls
José Jiménez to second
Batting: RHB George Mota 0-0: Called Strike
0-1: Foul Ball, location: 2F
0-2: Foul Ball, location: 2F
0-2: Ball
1-2: Fly out, F8 (Flyball, 78D)
Bottom of the 1st over - 2 runs, 3 hits, 1 error, 2 left on base; Winter Haven 0 - Surprise 2
TOP OF THE 2ND
Winter Haven Sun Sox batting - Pitching for Surprise Shockers : LHP Walt Hart
Batting: RHB Ju-wei Huang 0-0: Swinging Strike
0-1: Fly out, F3 (Flyball, 3D)
Batting: RHB Jeff Bowers 0-0: Ball
1-0: Called Strike
1-1: Called Strike
1-2: Ball
2-2: Foul Ball, location: 2F
2-2: Foul Ball, location: 2F
2-2: DOUBLE (Line Drive, 9LM)
Batting: LHB Pat Carter 0-0: Ball
1-0: Called Strike
1-1: Swinging Strike
1-2: Ball
2-2: Ball
3-2: Ground out 5-3 (Groundball, 5L)
Batting: LHB Fernando Negrete 0-0: Foul Ball, location: 2F
0-1: Ball
1-1: Fly out, F9 (Flyball, 9S)
Top of the 2nd over - 0 runs, 1 hit, 0 errors, 1 left on base; Winter Haven 0 - Surprise 2
BOTTOM OF THE 2ND
Surprise Shockers batting - Pitching for Winter Haven Sun Sox : RHP Ismael Pérez
Batting: RHB Paul Prichard 0-0: Called Strike
0-1: Ball
1-1: SINGLE (Groundball, 6D)
Batting: RHB Ron Lee 0-0: Ball
1-0: Called Strike
1-1: Ball
2-1: Foul Ball, location: 2F
2-2: Strikes out swinging
Batting: LHB Kyle Mullens 0-0: Ball
1-0: Ball
2-0: Ball
3-0: Base on Balls
Paul Prichard to second
Batting: RHB Quinn Lynch 0-0: Ball
1-0: SINGLE (Flyball, 7LM)
Paul Prichard to third
Kyle Mullens to second
Runner from 3rd tries for Home, SAFE, throw made home
Batting: LHB Lao Tian 0-0: Called Strike
0-1: Ball
1-1: Fielders Choice at 2nd, 3-6 (Groundball, 3)
Kyle Mullens to third
Batting: LHB Arto Toikka 0-0: Called Strike
0-1: Ball
1-1: Foul Ball, location: 2F
1-2: Ball
2-2: Foul Ball, location: 2F
2-2: Ball
3-2: Strikes out looking
Bottom of the 2nd over - 1 run, 2 hits, 0 errors, 2 left on base; Winter Haven 0 - Surprise 3
TOP OF THE 3RD
Winter Haven Sun Sox batting - Pitching for Surprise Shockers : LHP Walt Hart
Batting: SHB Vincent Griffin 0-0: Ball
1-0: Ball
2-0: Ball
3-0: Foul Ball, location: 2F
3-1: Base on Balls
Batting: RHB Roberto Ramos 0-0: Called Strike
0-1: SINGLE (Line Drive, 9S)
Vincent Griffin to second
Runner from 2nd tries for 3rd, SAFE, throw made to third
Batting: RHB Paul Bader 0-0: Ball
1-0: Called Strike
1-1: SINGLE (Flyball, 9LS)
Vincent Griffin scores
Roberto Ramos to second
Runner from 2nd tries for 3rd, SAFE, throw made to third
Batting: RHB Yu-bao Wie 0-0: Foul Ball, location: 2F
0-1: SINGLE (Groundball, 56D)
Roberto Ramos scores
Paul Bader to second
Batting: RHB Tom Camden 0-0: Ball
1-0: Called Strike
1-1: SINGLE (Groundball, 23) (infield hit)
Paul Bader to third
Yu-bao Wie to second
Batting: RHB Ju-wei Huang 0-0: Swinging Strike
0-1: Fly out, F8 (Flyball, 89S)
Runner from 3rd tags up, SCORES, no throw
Batting: RHB Jeff Bowers 0-0: Called Strike
0-1: Ball
1-1: Ground out 5-3 (Groundball, 56S)
Yu-bao Wie to third
Tom Camden to second
Batting: LHB Pat Carter 0-0: Called Strike
0-1: Ball
1-1: Ball
2-1: Swinging Strike
2-2: Foul Ball, location: 2F
2-2: Strikes out swinging
Top of the 3rd over - 3 runs, 4 hits, 0 errors, 2 left on base; Winter Haven 3 - Surprise 3
BOTTOM OF THE 3RD
Surprise Shockers batting - Pitching for Winter Haven Sun Sox : RHP Ismael Pérez
Batting: LHB José Jiménez 0-0: Called Strike
0-1: Ground out 4-3 (Groundball, 4M)
Batting: RHB Eric Martínez 0-0: Ball
1-0: Called Strike
1-1: Called Strike
1-2: Strikes out looking
Batting: RHB George Mota 0-0: Ball
1-0: Called Strike
1-1: Swinging Strike
1-2: Ball
2-2: Ball
3-2: Foul Ball, location: 2F
3-2: Base on Balls
Batting: RHB Paul Prichard 0-0: Ground out 4-3 (Groundball, 4MS)
Bottom of the 3rd over - 0 runs, 0 hits, 0 errors, 1 left on base; Winter Haven 3 - Surprise 3
TOP OF THE 4TH
Winter Haven Sun Sox batting - Pitching for Surprise Shockers : LHP Walt Hart
Batting: LHB Fernando Negrete 0-0: Called Strike
0-1: Ball
1-1: Foul Ball, location: 2F
1-2: Ball
2-2: Ball
3-2: Strikes out swinging
Batting: SHB Vincent Griffin 0-0: Ball
1-0: Ball
2-0: Ball
3-0: Called Strike
3-1: Swinging Strike
3-2: Ground out 6-3 (Groundball, 6)
Batting: RHB Roberto Ramos 0-0: Called Strike
0-1: Called Strike
0-2: Fly out, F7 (Flyball, 7)
Top of the 4th over - 0 runs, 0 hits, 0 errors, 0 left on base; Winter Haven 3 - Surprise 3
BOTTOM OF THE 4TH
Surprise Shockers batting - Pitching for Winter Haven Sun Sox : RHP Ismael Pérez
Batting: RHB Ron Lee 0-0: Called Strike
0-1: Ball
1-1: Foul Ball, location: 2F
1-2: Fly out, F8 (Flyball, 8RD)
Batting: LHB Kyle Mullens 0-0: Ball
1-0: Ball
2-0: Foul Ball, location: 2F
2-1: Ball
3-1: Base on Balls
Batting: RHB Quinn Lynch 0-0: Ground out 6-3 (Groundball, 4MS)
Kyle Mullens to second
Batting: LHB Lao Tian 0-0: Ball
1-0: Foul Ball, location: 2F
1-1: Swinging Strike
1-2: Ground out U3 (Groundball, 34)
Bottom of the 4th over - 0 runs, 0 hits, 0 errors, 1 left on base; Winter Haven 3 - Surprise 3
TOP OF THE 5TH
Winter Haven Sun Sox batting - Pitching for Surprise Shockers : LHP Walt Hart
Batting: RHB Paul Bader 0-0: Ball
1-0: Ball
2-0: Ball
3-0: Swinging Strike
3-1: Called Strike
3-2: Strikes out swinging
Batting: RHB Yu-bao Wie 0-0: Called Strike
0-1: Ball
1-1: Foul Ball, location: 2F
1-2: Strikes out swinging
Batting: RHB Tom Camden 0-0: Ball
1-0: Fly out, F7 (Flyball, 7)
Top of the 5th over - 0 runs, 0 hits, 0 errors, 0 left on base; Winter Haven 3 - Surprise 3
BOTTOM OF THE 5TH
Surprise Shockers batting - Pitching for Winter Haven Sun Sox : RHP Ismael Pérez
Batting: LHB Arto Toikka 0-0: Ball
1-0: Swinging Strike
1-1: Foul Ball, location: 2F
1-2: Strikes out swinging
Batting: LHB José Jiménez 0-0: Ground out 4-3 (Groundball, 4M)
Batting: RHB Eric Martínez 0-0: Called Strike
0-1: Fly out, F7 (Flyball, 78S)
Bottom of the 5th over - 0 runs, 0 hits, 0 errors, 0 left on base; Winter Haven 3 - Surprise 3
TOP OF THE 6TH
Winter Haven Sun Sox batting - Pitching for Surprise Shockers : LHP Walt Hart
Batting: RHB Ju-wei Huang 0-0: Ball
1-0: Ball
2-0: Called Strike
2-1: Foul Ball, location: 2F
2-2: Strikes out swinging
Batting: RHB Jeff Bowers 0-0: Ball
1-0: Called Strike
1-1: Ball
2-1: Called Strike
2-2: Fly out, F8 (Flyball, 78D)
Batting: LHB Pat Carter 0-0: Ball
1-0: Foul Ball, location: 2F
1-1: Called Strike
1-2: Ball
2-2: Ball
3-2: Foul Ball, location: 2F
3-2: Strikes out swinging
Top of the 6th over - 0 runs, 0 hits, 0 errors, 0 left on base; Winter Haven 3 - Surprise 3
BOTTOM OF THE 6TH
Surprise Shockers batting - Pitching for Winter Haven Sun Sox : RHP Ismael Pérez
Batting: RHB George Mota 0-0: Ball
1-0: Called Strike
1-1: Ball
2-1: SOLO HOME RUN (Flyball, 7D), Distance : 374 ft
Batting: RHB Paul Prichard 0-0: Reached on error, E6 (Groundball, 6)
Batting: RHB Ron Lee 0-0: Ball
1-0: Fly out, F8 (Flyball, 8RS)
Batting: LHB Kyle Mullens 0-0: Ball
1-0: Called Strike
1-1: Ball
2-1: Ball
3-1: Ground out 3-1 (Groundball, 34S)
Paul Prichard to second
Batting: RHB Quinn Lynch 0-0: Ball
1-0: Ball
2-0: Ball
3-0: Called Strike
3-1: Called Strike
3-2: SINGLE (Groundball, 4MD)
Paul Prichard to third
Paul Prichard scores
Batting: LHB Lao Tian 0-0: Fly out, F8 (Flyball, 8LXD)
Bottom of the 6th over - 2 runs, 2 hits, 1 error, 1 left on base; Winter Haven 3 - Surprise 5
TOP OF THE 7TH
Winter Haven Sun Sox batting - Pitching for Surprise Shockers : LHP Walt Hart
Batting: LHB Fernando Negrete 0-0: Ground out 4-3 (Groundball, 4)
Batting: SHB Vincent Griffin 0-0: Ground out 4-3 (Groundball, 4)
Batting: RHB Roberto Ramos 0-0: Ball
1-0: Ball
2-0: Ball
3-0: Base on Balls
Pitching: RHP José Castillo
Batting: RHB Paul Bader 0-0: Ball
Roberto Ramos steals 2nd base
1-0: Ball
2-0: Ball
3-0: Base on Balls
Batting: RHB Yu-bao Wie 0-0: Ball
1-0: Called Strike
1-1: Ball
2-1: Foul Ball, location: 2F
2-2: Strikes out looking
Top of the 7th over - 0 runs, 0 hits, 0 errors, 2 left on base; Winter Haven 3 - Surprise 5
BOTTOM OF THE 7TH
Surprise Shockers batting - Pitching for Winter Haven Sun Sox : RHP Ismael Pérez
Batting: LHB Arto Toikka 0-0: Ball
1-0: Ball
2-0: Called Strike
2-1: SINGLE (Line Drive, 4MD)
Batting: LHB José Jiménez 0-0: Called Strike
Arto Toikka steals 2nd base
0-1: Fly out, F9 (Flyball, 9D)
Runner from 2nd tags up, SAFE at 3rd, no throw
Batting: RHB Eric Martínez 0-0: Ball
1-0: Called Strike
1-1: Ball
2-1: Ball
3-1: Foul Ball, location: 2F
3-2: Fly out, F9 (Flyball, 9LS)
Runner from 3rd tags up, SCORES, no throw
Batting: RHB George Mota 0-0: Ball
1-0: Swinging Strike
1-1: Foul Ball, location: 2F
1-2: Ball
2-2: Foul Ball, location: 2F
2-2: Ball
3-2: Ground out 5-3 (Groundball, 56)
Bottom of the 7th over - 1 run, 1 hit, 0 errors, 0 left on base; Winter Haven 3 - Surprise 6
TOP OF THE 8TH
Winter Haven Sun Sox batting - Pitching for Surprise Shockers : RHP José Castillo
Batting: RHB Tom Camden 0-0: Called Strike
0-1: Foul Ball, location: 2F
0-2: Ball
1-2: Ball
2-2: SINGLE (Groundball, 56D)
Batting: RHB Ju-wei Huang 0-0: Ball
1-0: Called Strike
1-1: Ball
2-1: Foul Ball, location: 2F
2-2: Foul Ball, location: 2F
2-2: Ball
3-2: Ground out 4-3 (Groundball, 4S)
Tom Camden to second
Batting: RHB Jeff Bowers 0-0: Called Strike
0-1: Fly out, F8 (Flyball, 8LD)
Batting: LHB Pat Carter 0-0: Swinging Strike
0-1: Ground out 5-3 (Groundball, 56)
Top of the 8th over - 0 runs, 1 hit, 0 errors, 1 left on base; Winter Haven 3 - Surprise 6
BOTTOM OF THE 8TH
Surprise Shockers batting - Pitching for Winter Haven Sun Sox : RHP Ismael Pérez
Batting: RHB Paul Prichard 0-0: Ball
1-0: DOUBLE (Flyball, 9LD)
Pitching: LHP Tony Rocha
Batting: RHB Ron Lee 0-0: Ball
1-0: Ball
2-0: Foul Ball, location: 2F
2-1: Foul Ball, location: 2F
2-2: Ball
3-2: Base on Balls
Batting: LHB Kyle Mullens 0-0: Sac Bunt - play at first, batter OUT! 1-3
Paul Prichard to third
Ron Lee to second
Batting: RHB Quinn Lynch 0-0: Called Strike
0-1: Foul Ball, location: 2F
0-2: Strikes out looking
Batting: LHB Lao Tian 0-0: Ball
1-0: Ball
2-0: Fly out, F7 (Flyball, 7)
Bottom of the 8th over - 0 runs, 1 hit, 0 errors, 2 left on base; Winter Haven 3 - Surprise 6
TOP OF THE 9TH
Winter Haven Sun Sox batting - Pitching for Surprise Shockers : RHP José Castillo
Pitching: RHP José Castro
Batting: LHB Fernando Negrete 0-0: Swinging Strike
0-1: Ball
1-1: Ball
2-1: Called Strike
2-2: Foul Ball, location: 2F
2-2: Foul Ball, location: 2F
2-2: Strikes out swinging
Batting: SHB Vincent Griffin 0-0: SINGLE (Groundball, 4MD)
Batting: RHB Roberto Ramos 0-0: Called Strike
0-1: Ball
1-1: Swinging Strike
1-2: Ball
2-2: Foul Ball, location: 2F
2-2: Ball
3-2: Foul Ball, location: 2F
3-2: Foul Ball, location: 2F
3-2: Strikes out swinging
Batting: RHB Paul Bader 0-0: Ball
1-0: Ball
2-0: Swinging Strike
2-1: Swinging Strike
2-2: Strikes out looking
Top of the 9th over - 0 runs, 1 hit, 0 errors, 1 left on base; Winter Haven 3 - Surprise 6
Friday, March 29th, 2019 - OOTP Baseball 18.8 Build 76